 Dungeon Crawl Stone Soup version 0.27-a0-951-gae3e1deef5 (webtiles) character file.

Game seed: 3126366558868456537

3423 night the Geomancer (level 9, -15/62 HPs)
             Began as a Demigod Earth Elementalist on Apr 11, 2021.
             Demolished by a two-headed ogre
             ... wielding a +0 dire flail
              (20 damage)
             ... on level 8 of the Dungeon.
             The game lasted 00:22:53 (9886 turns).

night the Geomancer (Demigod Earth Elementalist)    Turns: 9886, Time: 00:22:54

Health: -15/62     AC: 16    Str:  9    XL:     9   Next: 48%
Magic:  3/22       EV: 10    Int: 29    God:
Gold:   393        SH:  0    Dex: 14    Spells: 7/20 levels left

rFire    . . .     SeeInvis .   e - +0 dagger
rCold    . . .     Faith    .   (no shield)
rNeg     . . .     Spirit   .   C - +3 ring mail
rPois    .         Reflect  .   z - +2 helmet
rElec    .         Harm     .   m - +1 cloak {rCorr}
rCorr    +         Rampage  .   p - +0 pair of gloves
Will     +....                  r - +1 pair of boots
Stlth    +.........             (no amulet)
HPRegen  0.20/turn              i - ring of willpower
MPRegen  0.18/turn              (no ring)

@: no status effects
A: high mp 1, forlorn
a: no special abilities


You were on level 8 of the Dungeon.
You visited 1 branch of the dungeon, and saw 8 of its levels.
You also visited: Ossuary.

You collected 393 gold pieces.

Inventory:

Hand Weapons
 a - a +4 mace of protection
 b - a +0 hand crossbow of electrocution
 e - a +0 dagger (weapon)
 g - a +0 scimitar
 x - a +0 mace of holy wrath
Missiles
 d - 40 bolts
 j - 66 poisoned darts (quivered)
 A - 181 stones
Armour
 c - a +0 robe
 k - a +0 buckler
 m - a +1 cloak of preservation (worn)
 p - a +0 pair of gloves (worn)
 r - a +1 pair of boots (worn)
 v - a scarf of resistance
 z - a +2 helmet (worn)
 C - a +3 ring mail (worn)
Magical Staves
 w - a staff of conjuration
Jewellery
 i - a ring of willpower (left hand)
 t - a +6 ring of strength
 y - an amulet of regeneration
Wands
 f - a wand of polymorph (7)
 n - a wand of charming (1)
 o - a wand of digging (8)
 B - a wand of mindburst (13)
 J - a wand of flame (27)
Scrolls
 h - 3 scrolls of enchant armour
 u - a scroll of enchant weapon
 D - a scroll of fog
 E - a scroll of magic mapping
 H - a scroll of holy word {unknown}
 I - a scroll of vulnerability {unknown}
Potions
 l - 2 potions of attraction
 q - 3 potions of curing
 s - 2 potions of heal wounds
 F - a potion of mutation {unknown}
 G - 2 potions of cancellation


   Skills:
 - Level 1.7 Dodging
 - Level 1.7 Stealth
 + Level 5.0 Shields
 + Level 6.4 Spellcasting
 - Level 0.8 Transmutations
 * Level 9.9 Earth Magic


You had 7 spell levels left.
You knew the following spells:

 Your Spells              Type           Power      Damage    Failure   Level
a - Sandblast             Erth           100%       2d20      1%          1
b - Stone Arrow           Conj/Erth      76%        3d11      6%          3
c - Petrify               Tmut/Erth      40%        N/A       16%         4
d - Lee's Rapid Deconstr  Erth           30%        3d17*     7%          5

Your spell library contained the following spells:

 Spells                   Type           Power      Damage    Failure   Level
 Passwall                 Tmut/Erth      33%        N/A       2%          2
 Beastly Appendage        Tmut           28%        N/A       11%         1
 Shock                    Conj/Air       36%        1d5       16%         1
 Wereblood                Tmut           14%        N/A       16%         2
 Swiftness                Air            9%         N/A       22%         2
 Spider Form              Tmut/Pois      5%         N/A       36%         3
 Confusing Touch          Hex            9%         N/A       41%         3
 Gell's Gravitas          Tloc           4%         N/A       41%         3
 Static Discharge         Conj/Air       9%         N/A       41%         3
 Ice Form                 Ice/Tmut       11%        N/A       77%         4
 Airstrike                Air            4%         N/A       83%         4
 Hydra Form               Tmut           7%         N/A       96%         5
 Yara's Violent Unravell  Hex/Tmut       5%         3d4       98%         5
 Lightning Bolt           Conj/Air       4%         1d16      99%         5
 Metabolic Englaciation   Hex/Ice        4%         N/A       99%         5


Dungeon Overview and Level Annotations

Branches:
Dungeon (8/15)             Temple (0/1) D:4         Ossuary (visited)
   Lair: D:8-11


Innate Abilities, Weirdness & Mutations

Your attributes grow dramatically as you level up.
You have an increased reservoir of magic. (+10% MP)
You shall have no god before yourself.


Message History

The two-headed ogre is heavily wounded.
The helpless two-headed ogre fails to defend itself.
You hit the two-headed ogre.
The two-headed ogre is heavily wounded.
The helpless two-headed ogre fails to defend itself.
You hit the two-headed ogre.
The two-headed ogre is heavily wounded.
The two-headed ogre is no longer petrified.
The two-headed ogre hits you with a +0 dire flail!!
The two-headed ogre hits you but does no damage.
You hit the two-headed ogre but do no damage.
The two-headed ogre is heavily wounded.
The two-headed ogre hits you with a +0 dire flail!
* * * LOW HITPOINT WARNING * * *
The two-headed ogre hits you with a +0 giant club!
* * * LOW HITPOINT WARNING * * *
Found a robe.
Casting: Lee's Rapid Deconstruction (dangerous; 7% risk of failure)
Confirm with . or Enter, or press ? or * to list all spells.
Aiming: Petrify (dangerous; 16% risk of failure)
Press: ? - help, Shift-Dir - straight line, p - two-headed ogre
Okay, then.
Casting: Petrify (dangerous; 16% risk of failure)
Confirm with . or Enter, or press ? or * to list all spells.
Aiming: Petrify (dangerous; 16% risk of failure)
Press: ? - help, Shift-Dir - straight line, f/p - two-headed ogre
Aim: a two-headed ogre, wielding a +0 dire flail and a +0 giant club (heavily wounded, chance to affect: 50%)
The two-headed ogre resists with some effort.
You see here a +0 robe.
Casting: Petrify (dangerous; 16% risk of failure)
Confirm with . or Enter, or press ? or * to list all spells.
You don't have enough magic to cast this spell.
Aiming: Charm
Press: ? - help, Shift-Dir - straight line, f/p - two-headed ogre
Aim: a two-headed ogre, wielding a +0 dire flail and a +0 giant club (heavily wounded, chance to affect: 28%)
The two-headed ogre easily resists.
The two-headed ogre hits you with a +0 dire flail.
* * * LOW HITPOINT WARNING * * *
The two-headed ogre hits you with a +0 giant club!!
You die...

#..#.....##.#...........###...
#........###...#######..#
##..........##.## #..#
....#.....#.##.# #..#
....#.....#.##.# #..#
..#####.### ##. #..###.## ..#
#.# #.########........
..#####.# #.#.O[......###.##
......... #@#########
#.#####.# #.# ..# #.# ..# #.#
.## #.# .. #.# ## #.# #.# #


You could see a two-headed ogre.

Vanquished Creatures
  Joseph (D:7)
  3 yaks (D:6)
  Menkaure (Ossuary)
  An acid dragon (D:6)
  A water moccasin (D:8)
  2 orc warriors (D:6)
  An ice beast (D:7)
  5 ogres
  A phantom (D:7)
  A centaur (D:7)
  2 kobold brigands
  A bullfrog (D:7)
  A scorpion (D:4)
  A water moccasin zombie (D:5)
  3 wights (D:7)
  A bullfrog zombie (D:5)
  2 bullfrog skeletons (D:6)
  A hound (D:7)
  3 orc priests
  Crazy Yiuf (D:2)
  Natasha (thrice) (D:2)
  2 orc wizards (D:6)
  3 iguanas
  3 mummies (Ossuary)
  A howler monkey zombie (D:7)
  5 adders
  3 gnolls (D:4)
  A worm (D:2)
  2 dart slugs
  7 orcs
  3 bats
  7 endoplasms
  3 giant cockroaches
  2 gnoll zombies (Ossuary)
  5 goblins
  4 hobgoblins
  4 jackals (D:3)
  3 quokkas
  3 ball pythons
  A frilled lizard (D:2)
  6 gnoll skeletons (Ossuary)
  5 goblin skeletons (Ossuary)
  3 goblin zombies (Ossuary)
  A hobgoblin skeleton (Ossuary)
  6 hobgoblin zombies (Ossuary)
  11 kobolds
  5 kobold skeletons (Ossuary)
  4 kobold zombies (Ossuary)
  5 orc skeletons (Ossuary)
  5 orc zombies (Ossuary)
  3 rats (D:1)
  3 rat skeletons (Ossuary)
  5 rat zombies (Ossuary)
160 creatures vanquished.

Vanquished Creatures (collateral kills)
  The ghost of Karim the Shooter, a novice BaHu (D:6)
  An orc warrior (D:6)
  An orc priest (D:6)
  4 orcs (D:6)
7 creatures vanquished.

Grand Total: 167 creatures vanquished

Notes
Turn   | Place    | Note
-------+----------+-------------------------------------------
     0 | D:1      | night the Demigod Earth Elementalist began the quest for
                  | the Orb.
     0 | D:1      | Reached XP level 1. HP: 14/14 MP: 5/5
   303 | D:1      | Reached skill level 3 in Earth Magic
   304 | D:1      | Reached skill level 2 in Spellcasting
   524 | D:1      | Reached XP level 2. HP: 20/20 MP: 5/7
   949 | D:2      | Noticed Natasha
   956 | D:2      | Killed Natasha
   957 | D:2      | Reached XP level 3. HP: 25/26 MP: 5/9
   967 | D:2      | Learned a level 3 spell: Stone Arrow
   999 | D:2      | Noticed Natasha
  1006 | D:2      | Killed Natasha
  1007 | D:2      | Reached skill level 4 in Earth Magic
  1286 | D:2      | Reached XP level 4. HP: 33/33 MP: 6/10
  1332 | D:2      | Noticed Natasha
  1335 | D:2      | Killed Natasha
  1664 | D:2      | Found a runed translucent door.
  1665 | D:2      | Noticed Crazy Yiuf
  1675 | D:2      | Killed Crazy Yiuf
  2257 | D:3      | Reached XP level 5. HP: 38/38 MP: 12/12
  3184 | D:3      | Learned a level 4 spell: Petrify
  3466 | D:4      | Noticed an ogre
  3474 | D:4      | Killed an ogre
  3475 | D:4      | Reached skill level 5 in Earth Magic
  3545 | D:4      | Found a staircase to the Ecumenical Temple.
  3552 | D:4      | Reached XP level 6. HP: 45/45 MP: 9/14
  4189 | D:5      | Entered Level 5 of the Dungeon
  4862 | D:5      | Reached skill level 6 in Earth Magic
  5176 | D:5      | Reached XP level 7. HP: 50/50 MP: 12/16
  5358 | D:5      | Learned a level 5 spell: Lee's Rapid Deconstruction
  5697 | D:6      | Found a sand-covered staircase.
  5704 | Ossuary  | Entered an ossuary
  6054 | Ossuary  | Reached skill level 1 in Shields
  6356 | Ossuary  | Noticed Menkaure
  6360 | Ossuary  | Killed Menkaure
  6361 | Ossuary  | Reached skill level 7 in Earth Magic
  6817 | D:6      | Noticed a yak
  6817 | D:6      | Noticed a yak
  6819 | D:6      | Noticed a yak
  6827 | D:6      | Killed a yak
  6828 | D:6      | Reached skill level 2 in Shields
  6830 | D:6      | Killed a yak
  6831 | D:6      | Reached XP level 8. HP: 48/57 MP: 3/18
  6839 | D:6      | HP: 7/57 [yak (13)]
  6843 | D:6      | Reached skill level 5 in Spellcasting
  7109 | D:6      | Reached skill level 8 in Earth Magic
  7833 | D:6      | Found a runed translucent gate.
  7833 | D:6      | Found a runed translucent gate.
  7835 | D:6      | Found a runed translucent gate.
  7836 | D:6      | Noticed Karim's ghost (novice BaHu)
  7837 | D:6      | Identified the +0 chain mail of Sloth {rC++}
  7856 | D:6      | Killed Karim's ghost
  7885 | D:6      | Killed an orc warrior
  7886 | D:6      | Reached skill level 9 in Earth Magic
  8336 | D:7      | Reached XP level 9. HP: 62/62 MP: 17/21
  8865 | D:7      | Noticed Joseph
  8876 | D:7      | Killed Joseph
  9739 | D:8      | Reached skill level 5 in Shields
  9852 | D:8      | Noticed a two-headed ogre
  9873 | D:8      | HP: 5/62 [two-headed ogre/+0 dire flail (7)]
  9886 | D:8      | HP: 5/62 [two-headed ogre/+0 dire flail (3)]
  9886 | D:8      | Demolished by a two-headed ogre

Illustrated notes

Levels and vault maps discovered:
D:1:      amcnicky_arrival_single_pillar, layout_rooms
D:2:      layout_basic, shapermc_ecumenical_altar_starsandcircs,
          uniq_crazy_yiuf_cottage, uniq_natasha
D:3:      layout_loops_corners, old_standard_altar
D:4:      layout_gridville, temple_green
D:5:      layout_gridville, nicolae_sif_muna_condensation,
          general_overflow_altar, bh_walls_and_bars
D:6:      layout_gridville, grunt_gozag_breadcrumbs,
          gammafunk_temple_overflow_elements, biasface_ghost_orc_armoury,
          nicolae_ossuary_entry_plus
D:7:      layout_basic, kennysheep_mini_moat, amcnicky_mini_corridor_feature,
          uniq_joseph
D:8:      layout_loops_ring, grunt_temple_overflow_lords_of_destruction,
          uniq_grum

Skill      XL: |  1  2  3  4  5  6  7  8  9 |
---------------+----------------------------+-----
Earth Magic    | 3 4 5 6 7 9 |  9.9
Spellcasting   | 2 3 4 5 6 |  6.4
Shields        | 2 4 5 |  5.0
Dodging        | |  1.7
Stealth        | |  1.7
Transmutations | |  0.8

Action                   |  1- 3 |  4- 6 |  7- 9 || total
-------------------------+-------+-------+-------++-------
Melee: Unarmed           |     7 |       |       ||     7
       Dagger            |    17 |       |    10 ||    27
       Scimitar          |     8 |     3 |       ||    11
       Mace              |       |    46 |    97 ||   143
       Staff             |       |       |    24 ||    24
 Fire: Hand crossbow     |       |       |     3 ||     3
Throw: Dart              |       |     5 |     4 ||     9
 Cast: Sandblast         |    25 |     8 |     8 ||    41
       Stone Arrow       |     3 |    31 |    39 ||    73
       Lee's Rapid Decon |       |       |    26 ||    26
       Petrify           |       |       |     6 ||     6
Evoke: Wand              |       |       |     3 ||     3
  Use: Scroll            |       |     8 |     8 ||    16
       Potion            |       |       |     4 ||     4
 Stab: Sleeping          |       |     2 |       ||     2
       Distracted        |       |       |     1 ||     1
       Petrified         |       |       |    11 ||    11
Armor: Robe              |     8 |    29 |    44 ||    81
       Ring mail         |       |       |     3 ||     3
Dodge: Dodged            |    22 |    33 |    92 ||   147
Block: Buckler           |       |       |     3 ||     3
       Rpst.: Scimitar   |     2 |     2 |       ||     4

Table legend: (Time is in decaauts)
 A = Elapsed time spent in this place.
 B = Non-inter-level travel time spent in this place.
 C = Inter-level travel time spent in this place.
 D = Time resting spent in this place.
 E = Time spent auto-exploring this place.
 F = Levels seen in this place.
 G = Mean time per level.
                   A        B        C        D        E       F      G
               +--------+--------+--------+--------+--------+-----+--------+
         Total |   9950 |   9737 |    213 |   1405 |   7094 |   9 | 1105.6 |
       Dungeon |   8817 |   8604 |    213 |   1037 |   6604 |   8 | 1102.1 |
       Ossuary |   1132 |   1132 |      0 |    368 |    490 |   1 | 1132.0 |
               +--------+--------+--------+--------+--------+-----+--------+

Top non-repeatable levels by time:
     D:6: 1887 daAuts
     D:3: 1295 daAuts
     D:7: 1175 daAuts
     D:5: 1167 daAuts
 Ossuary: 1132 daAuts
     D:2: 991 daAuts
     D:4: 982 daAuts
     D:1: 939 daAuts
     D:8: 379 daAuts
